 Dungeon Crawl Stone Soup version 0.29-a0-43-g62a80824bf (webtiles) character file.

Game seed: 3010087822905621041

76 Crownlay the Digger (level 4, 0/24 HPs)
             Began as a Gargoyle Earth Elementalist on Feb 2, 2022.
             Shot with a stone by a goblin (5 damage)
             ... on level 3 of the Dungeon.
             The game lasted 00:02:11 (2620 turns).

Crownlay the Digger (Gargoyle Earth Elementalist)   Turns: 2620, Time: 00:02:12

Health: 0/24       AC:  5    Str: 11    XL:     4   Next: 32%
Magic:  4/8        EV: 11    Int: 18    God:
Gold:   126        SH:  0    Dex: 10    Spells: 2/8 levels left

rFire   . . .      SeeInvis .   f - +0 dagger
rCold   . . .      Faith    .   (no shield)
rNeg    + . .      Spirit   .   b - +0 robe
rPois   ∞          Reflect  .   (no helmet)
rElec   +          Harm     .   (no cloak)
rCorr   .          Rampage  .   (no gloves)
Will    .....                   (no boots)
Stlth   ++........              (no amulet)
HPRegen 0.08/turn               (no ring)
MPRegen 0.11/turn               (no ring)

@: no status effects
A: sickness immunity, AC +3, negative energy resistance 1, electricity
resistance, torment resistance 1, petrification resistance
a: no special abilities


You were on level 3 of the Dungeon.
You visited 1 branch of the dungeon, and saw 3 of its levels.

You collected 126 gold pieces.

Inventory:

Hand Weapons
 f - a +0 dagger (weapon)
Missiles
 c - 58 stones
Armour
 b - a +0 robe (worn)
Scrolls
 d - a scroll of identify
 g - a scroll of teleportation
 h - a scroll of summoning {unknown}
 j - a scroll of torment {unknown}
Potions
 a - 2 potions of lignification
 e - a potion of degeneration {unknown}
 i - a potion of flight {unknown}
 k - a potion of berserk rage {unknown}
 l - a potion of curing {unknown}


   Skills:
 - Level 1.5 Dodging
 - Level 2.1 Stealth
 + Level 2.8 Spellcasting
 - Level 0.7 Transmutations
 * Level 5.4 Earth Magic


You had 2 spell levels left.
You knew the following spells:

 Your Spells              Type           Power      Damage    Failure   Level
a - Sandblast             Erth           44%        2d11      1%          1
b - Passwall              Tmut/Erth      10%        N/A       7%          2
c - Stone Arrow           Conj/Erth      24%        3d8       17%         3

Your spell library contained the following spells:

 Spells                   Type           Power      Damage    Failure   Level
 Beastly Appendage        Tmut           10%        N/A       12%         1
 Sting                    Tmut/Pois      12%        1d3       14%         1
 Wereblood                Tmut           5%         N/A       19%         2
 Poisonous Vapours        Pois/Air       4%         N/A       26%         2
 Spider Form              Tmut/Pois      3%         N/A       41%         3
 Petrify                  Tmut/Erth      13%        N/A       43%         4
 Gell's Gravitas          Tloc           2%         N/A       45%         3
 Teleport Other           Tloc           2%         N/A       45%         3
 Olgreb's Toxic Radiance  Pois           2%         N/A       86%         4
 Dispersal                Tloc           1%         N/A       100%        6


Dungeon Overview and Level Annotations

Branches:
Dungeon (3/15)

Altars:

Shops:
D:1 ?


Innate Abilities, Weirdness & Mutations

You are immune to sickness and miasma.
Your stone body is resilient. (AC +3)
You are immune to poison.
You resist negative energy. (rN+)
You are resistant to electric shocks. (rElec)
You are resistant to unholy torment.
You are immune to petrification.


Message History

The stone hits you but does no damage. The hobgoblin hits you.
You are too injured to fight recklessly!
Casting: Sandblast (safe; 1% risk of failure)
Confirm with . or Enter, or press ? or * to list all spells.
Aiming: Sandblast (safe; 1% risk of failure)
Press: ? - help, Shift-Dir - straight line, f - hobgoblin
Aim: a hobgoblin (heavily wounded, 81% to hit)
The blast of sand hits the hobgoblin!
You kill the hobgoblin!
The endoplasm freezes you.
You are frozen.
* * * LOW HITPOINT WARNING * * *
The goblin shoots a stone.
The stone hits you but does no damage.
Casting: Sandblast (safe; 1% risk of failure)
Confirm with . or Enter, or press ? or * to list all spells.
Aiming: Sandblast (safe; 1% risk of failure)
Press: ? - help, Shift-Dir - straight line, f - rat
Aim: a rat (81% to hit)
The blast of sand hits the rat.
The rat is severely wounded.
The endoplasm barely misses you. The rat barely misses you.
Casting: Sandblast (safe; 1% risk of failure)
Confirm with . or Enter, or press ? or * to list all spells.
Aiming: Sandblast (safe; 1% risk of failure)
Press: ? - help, Shift-Dir - straight line, f/p - rat
Aim: a rat (severely wounded, 81% to hit)
The blast of sand hits the rat!
You kill the rat!
The goblin shoots a stone.
The stone hits you but does no damage. The endoplasm hits you.
* * * LOW HITPOINT WARNING * * *
Casting: Sandblast (safe; 1% risk of failure)
Confirm with . or Enter, or press ? or * to list all spells.
Aiming: Sandblast (safe; 1% risk of failure)
Press: ? - help, Shift-Dir - straight line, f - endoplasm
Aim: an endoplasm (98% to hit)
The blast of sand hits the endoplasm.
The endoplasm is heavily wounded.
The goblin shoots a stone.
The stone hits you.
You die...

#.# #.# #.# .# #.#
#.# ... .... ... #.#
#.#.# #.# #####.#
....)... #.....#
#.#.#.## #......
....g. #.#####
#.#.#.#.## #.#
.......@.# #.#
#.#.#.#J## #.#
.........#########.#
#.#.#.#.#..........#
##..#....#########
#. ####.# #. #.# .
... .. #..#


You could see an endoplasm and a goblin.

Vanquished Creatures
  4 adders
  A dart slug (D:2)
  A ball python (D:1)
  4 endoplasms
  6 goblins
  4 hobgoblins
  4 jackals (D:3)
  A quokka (D:1)
  4 bats
  2 frilled lizards
  3 kobolds
  4 rats
38 creatures vanquished.

Notes
Turn   | Place    | Note
-------+----------+-------------------------------------------
     0 | D:1      | Crownlay the Gargoyle Earth Elementalist began the quest
                  | for the Orb.
     0 | D:1      | Reached XP level 1. HP: 10/10 MP: 3/3
   146 | D:1      | Found a faded altar of an unknown god.
   267 | D:1      | Reached skill level 4 in Earth Magic
   347 | D:1      | Found Kerhaoxt's Magic Scroll Shoppe.
   466 | D:1      | Reached XP level 2. HP: 15/15 MP: 5/5
  1600 | D:2      | Reached XP level 3. HP: 19/19 MP: 3/6
  1940 | D:2      | Reached skill level 5 in Earth Magic
  2296 | D:3      | Reached XP level 4. HP: 24/24 MP: 6/8
  2302 | D:3      | Learned a level 2 spell: Passwall
  2306 | D:3      | Learned a level 3 spell: Stone Arrow
  2620 | D:3      | Shot with a stone by a goblin

Illustrated notes

Levels and vault maps discovered:
D:1:      dpeg_arrival_water_fire, layout_basic, serial_shops, shop,
          serial_forest, infiniplex_forest_diagonal,
          infiniplex_forest_straight_4, infiniplex_forest_lined_2,
          infiniplex_forest_diagonal, infiniplex_forest_corner_1,
          infiniplex_forest_clump_diagonal, infiniplex_forest_clump_curved,
          infiniplex_forest_lined_ring, shapermc_ecumenical_altar_mp_highgroup
D:2:      layout_loops_ring, kennysheep_cluttered_room
D:3:      layout_loops_ring, st_stairs_11, minmay_misc_feat_four_crosses,
          minmay_misc_feat_x

Skill      XL: |  1  2  3 |
---------------+----------+-----
Earth Magic    | 4 5 |  5.4
Dodging        | |  1.5
Stealth        | |  2.1
Spellcasting   | |  2.8
Transmutations | |  0.7

Action                   |  1- 3 |  4- 6 || total
-------------------------+-------+-------++-------
Melee: Dagger            |    47 |    43 ||    90
       Punch             |     3 |       ||     3
 Cast: Sandblast         |    23 |     7 ||    30
  Use: Scroll            |     2 |       ||     2
 Stab: Sleeping          |     2 |       ||     2
Armor: Robe              |    32 |    29 ||    61
Dodge: Dodged            |    38 |    37 ||    75

Table legend: (Time is in decaauts)
 A = Elapsed time spent in this place.
 B = Non-inter-level travel time spent in this place.
 C = Inter-level travel time spent in this place.
 D = Time resting spent in this place.
 E = Time spent auto-exploring this place.
 F = Levels seen in this place.
 G = Mean time per level.
                   A        B        C        D        E       F      G
               +--------+--------+--------+--------+--------+-----+--------+
         Total |   2619 |   2549 |     70 |      0 |   2277 |   3 |  873.0 |
       Dungeon |   2619 |   2549 |     70 |      0 |   2277 |   3 |  873.0 |
               +--------+--------+--------+--------+--------+-----+--------+

Top non-repeatable levels by time:
     D:1: 1243 daAuts
     D:2: 1049 daAuts
     D:3: 325 daAuts
